 Dungeon Crawl Stone Soup version 0.20-a0-386-g2d247ea (webtiles) character file.

11110 RumaTero the Covert (level 11, -7/52 HPs)
             Began as a Spriggan Enchanter on Dec 30, 2016.
             Was an Initiate of Gozag.
             Mangled by a minotaur
             ... wielding a +1 lajatang of speed
              (35 damage)
             ... in a labyrinth.
             The game lasted 01:06:58 (14827 turns).

RumaTero the Covert (Spriggan Enchanter)           Turns: 14827, Time: 01:06:58

Health: -7/52      AC:  5    Str:  9    XL:     11   Next: 45%
Magic:  10/24      EV: 31    Int: 20    God:    Gozag
Gold:   1647       SH:  0    Dex: 17    Spells: 14/26 levels left

rFire  . . .     SeeInvis +     L - +1 rapier (venom)
rCold  . . .     Gourm    .     i - +1 robe
rNeg   . . .     Faith    .     (shield restricted)
rPois  .         Spirit   .     (helmet restricted)
rElec  .         Reflect  .     U - +1 cloak
rCorr  .         Harm     .     (gloves unavailable)
MR     ++...                    (boots unavailable)
Stlth  +++++.....               (no amulet)
                                Y - ring "Sylohofu" {MR+ EV+5 Int+3 SInv}
                                I - +2 ring of strength

@: repel missiles, very quick
A: unfitting armour, see invisible, herbivore 3, speed 3, slow metabolism 2
a: Potion Petition, Call Merchant, Bribe Branch, Renounce Religion


You were in a labyrinth.
You worshipped Gozag.
Gozag was most pleased with you.
You were not hungry.

You visited 3 branches of the dungeon, and saw 13 of its levels.
You also visited: Labyrinth and Ossuary.

You collected 1765 gold pieces.
You paid 118 gold pieces to Gozag.

Inventory:

Hand Weapons
 a - a +2 dagger of venom
 b - a +0 shortbow of flaming
 d - a +0 rapier
 L - a +1 rapier of venom (weapon)
 O - the +12 long sword "Leust" {freeze, +Blink rF+ Str+3 SInv, unknown}
   (You found it on level 7 of the Dungeon)

   It has been specially enchanted to freeze those struck by it, causing extra
   injury to most foes and up to half again as much damage against particularly
   susceptible opponents.
   It can also slow down cold-blooded creatures.
   It affects your strength (+3).
   It protects you from fire.
   It lets you see invisible.
   It lets you blink.
Missiles
 G - 63 arrows (quivered)
Armour
 i - a +1 robe (worn)
 v - a +0 buckler
 U - a +1 cloak (worn)
Jewellery
 I - a +2 ring of strength (left hand)
 Y - the ring "Sylohofu" (right hand) {MR+ EV+5 Int+3 SInv}
   (You found it on level 3 of the Lair of Beasts)

   [ring of evasion]

   It affects your evasion (+5).
   It affects your intelligence (+3).
   It affects your resistance to hostile enchantments.
   It lets you see invisible.
 Z - the amulet "Niadenti" {Spirit +Inv rF++ MR+ Dex-5, unknown}
   (You found it in a labyrinth)

   [amulet of guardian spirit]

   It causes incoming damage to be split between your health and magic.
   It affects your dexterity (-5).
   It greatly protects you from fire.
   It affects your resistance to hostile enchantments.
   It lets you turn invisible.
Wands
 y - a wand of iceblast (2/15)
 A - a wand of enslavement (18/24)
 P - a wand of slowing (36/48)
 S - a wand of flame (15/48)
 T - a wand of enslavement (13/24)
 V - a wand of random effects (22/48)
 X - a wand of iceblast (9/15)
Scrolls
 g - 3 scrolls of fog
 k - 4 scrolls of teleportation
 l - 3 scrolls of enchant armour
 m - 3 scrolls of recharging
 n - 4 scrolls of fear
 p - 5 scrolls of remove curse
 t - a scroll of blinking
 w - 2 scrolls of immolation {unknown}
 x - a scroll of magic mapping
 J - 2 scrolls of random uselessness
 Q - a scroll of amnesia
Potions
 e - 4 potions of heal wounds
 f - a potion of beneficial mutation
 h - 6 potions of curing
 j - 5 potions of lignification
 o - a potion of resistance
 q - a potion of ambrosia
 r - 3 potions of agility
 s - 2 potions of might
 z - 6 potions of brilliance
 C - a potion of invisibility
 D - a potion of magic
 F - 4 potions of haste
 H - a potion of flight
 K - 3 potions of degeneration
 M - 2 potions of cancellation {unknown}
 W - a potion of mutation {unknown}
Books
 c - a book of Maledictions

   Spells                             Type                      Level
   a - Corona                         Hexes                        1
   b - Ensorcelled Hibernation        Hexes/Ice                    2
   c - Confuse                        Hexes                        3
   d - Tukima's Dance                 Hexes                        3
   e - Dazzling Spray                 Conjuration/Hexes            3
 E - a book of Misfortune

   Spells                             Type                      Level
   a - Confusing Touch                Hexes                        1
   b - Confuse                        Hexes                        3
   c - Gell's Gravitas                Hexes/Translocation          3
   d - Petrify                        Transmutation/Earth          4
   e - Metabolic Englaciation         Hexes/Ice                    5
   f - Yara's Violent Unravelling     Hexes/Transmutation          5
 N - a book of Conjurations

   Spells                             Type                      Level
   a - Magic Dart                     Conjuration                  1
   b - Searing Ray                    Conjuration                  2
   c - Dazzling Spray                 Conjuration/Hexes            3
   d - Fulminant Prism                Conjuration/Hexes            4
   e - Iskenderun's Mystic Blast      Conjuration                  4
   f - Iskenderun's Battlesphere      Conjuration/Charms           5
 R - a book of Minor Magic

   Spells                             Type                      Level
   a - Magic Dart                     Conjuration                  1
   b - Blink                          Translocation                2
   c - Call Imp                       Summoning                    2
   d - Repel Missiles                 Charms/Air                   2
   e - Slow                           Hexes                        2
   f - Conjure Flame                  Conjuration/Fire             3
   g - Mephitic Cloud                 Conjuration/Poison/Air       3
Comestibles
 u - 3 royal jellies
 B - 4 bread rations


   Skills:
 * Level 3.6 Fighting
 + Level 11.3 Short Blades
 + Level 10.7 Dodging
 + Level 12.1 Stealth
 - Level 8.4 Spellcasting
 + Level 9.2 Hexes


You had 14 spell levels left.
You knew the following spells:

 Your Spells              Type           Power        Failure   Level  Hunger
a - Ensorcelled Hibernat  Hex/Ice        ####..       1%          2    None
b - Confuse               Hex            #####...     1%          3    None
c - Tukima's Dance        Hex            #####...     1%          3    None
d - Repel Missiles        Chrm/Air       #.....       14%         2    None
e - Blink                 Tloc           N/A          14%         2    None


Dungeon Overview and Level Annotations

Branches:
Dungeon (9/15)             Temple (1/1) D:6            Lair (3/6) D:9
 Shoals (0/4) Lair:2
  Snake: Lair:2-4    Spider: Lair:2-4       Orc: D:9-12

Altars:
Ashenzari
Cheibriados
Dithmenos
Elyvilon
Fedhas
Gozag
Hepliaklqana
Kikubaaqudgha
Makhleb
Nemelex Xobeh
Okawaru
Qazlal
Ru
Sif Muna
Trog
Uskayaw
Vehumet
Xom
Yredelemnul
Zin
The Shining One

Shops:
D:6 *

Annotations:
D:4 1 runed door, iroha's ghost, amateur OgHu
D:9 exclusion: 3 doors
Lair:1 Gastronok


Innate Abilities, Weirdness & Mutations

You are very small and have problems with some larger weapons.
You are too small for most types of armour.
You have supernaturally acute eyesight. (SInv)
You are a herbivore.
You cover ground extremely quickly.
You need consume almost no food.


Message History

The minotaur is heavily wounded.
Casting: Confuse
Confirm with . or Enter, or press ? or * to list all spells.
Aiming: Ensorcelled Hibernation
Press: ? - help, Shift-Dir - straight line, f/p - minotaur
Aim: a minotaur, wielding a lajatang of speed, wearing an embroidered robe and wearing an encrusted coral ring (heavily wounded, poisoned, confused, chance to defeat MR: 22%)
The minotaur looks drowsy...
The minotaur bellows!
You hit the minotaur but do no damage.
The minotaur looks as sick as possible!
The minotaur is heavily wounded.
Casting: Ensorcelled Hibernation
Confirm with . or Enter, or press ? or * to list all spells.
Aiming: Tukima's Dance
Press: ? - help, Shift-Dir - straight line, f/p - minotaur
Aim: a minotaur, wielding a lajatang of speed, wearing an embroidered robe and wearing an encrusted coral ring (heavily wounded, poisoned, confused, chance to defeat MR: 47%)
The minotaur resists with some effort.
The minotaur hits you with a lajatang of speed!!
Ouch! That really hurt!
You die...
Your body crumbles into a pile of gold.

. .# . . ##
#. ## #. ##
... . .#.
... ... .
.. ... # #
# # # .. ..
.. # # .. .
. . ##. . #
########. .
. # .
.#....H.#
## # .
#.####@#...
#. . #.#
.## # # #.#
# ###.#.
... . #
..... ..#.
.# . .
#########.
# # # . . .
. # # #. .
. . # #.#
#### ยง.
... . .


You could see a minotaur (confused).

Vanquished Creatures
  A hydra (Lair:2)
  A two-headed ogre (D:6)
  Maurice (D:8)
  A black mamba (Lair:2)
  A merfolk siren (Lair:2)
  4 spiny frogs
  A rime drake (Lair:2)
  8 blink frogs
  2 hippogriffs (Lair:1)
  4 yaks (Lair:1)
  2 shadows (Lab)
  A wyvern (D:8)
  A basilisk (Lair:1)
  4 hungry ghosts (Lab)
  Edmund (D:6)
  2 water moccasins
  Duvessa (D:7)
  7 porcupines
  An orc warrior (D:7)
  3 ice beasts
  A necrophage (D:6)
  3 ogres
  3 centaurs
  3 crocodiles
  8 bullfrogs
  3 elf zombies (Ossuary)
  Dowan (D:7)
  A scorpion (D:5)
  2 spriggan skeletons (Lab)
  2 crimson imps
  3 centaur zombies (Ossuary)
  2 human zombies (Ossuary)
  A bullfrog zombie (D:6)
  A quasit (D:7)
  3 hounds
  2 bullfrog skeletons
  3 orc priests
  3 jellies
  3 orc wizards
  Natasha (D:4)
  3 worker ants
  2 ogre skeletons (Lab)
  A hound zombie (D:6)
  2 mummies (Ossuary)
  A worker ant zombie (D:5)
  Robin (D:3)
  A howler monkey zombie (D:9)
  4 gnolls
  5 adders
  A white imp (D:5)
  An ooze (D:2)
  2 worms (D:2)
  4 dart slugs
  4 leopard geckos
  12 orcs
  A ball python (D:1)
  3 giant cockroaches
  16 goblins
  11 hobgoblins
  18 jackals
  3 quokkas
  6 bats
  4 frilled lizards
  A goblin skeleton (D:5)
  2 goblin zombies (D:5)
  A hobgoblin zombie (D:5)
  4 kobolds (D:1)
  2 kobold skeletons (D:5)
  A kobold zombie (D:5)
  A leopard gecko zombie (D:6)
  An orc zombie (D:5)
  A quokka skeleton (D:6)
  10 rats
  A bush (Lair:2)
  2 plants (Lab)
229 creatures vanquished.

Vanquished Creatures (collateral kills)
  2 gnolls
  An orc (D:7)
3 creatures vanquished.

Vanquished Creatures (others)
  4 dancing weapons
  A bush (Lair:2)
  A fungus (Lair:2)
  5 plants
11 creatures vanquished.

Grand Total: 243 creatures vanquished

Notes
Turn   | Place    | Note
-------+----------+-------------------------------------------
     0 | D:1      | RumaTero the Spriggan Enchanter began the quest for the Orb.
     0 | D:1      | Reached XP level 1. HP: 9/9 MP: 5/5
   279 | D:1      | Reached XP level 2. HP: 12/13 MP: 6/6
   284 | D:1      | Learned a level 2 spell: Ensorcelled Hibernation
   909 | D:1      | You fall through a shaft!
   952 | D:2      | Found a stormy altar of Qazlal.
  1234 | D:2      | Reached XP level 3. HP: 16/16 MP: 0/8
  2703 | D:3      | Noticed an ice beast
  2758 | D:3      | Reached XP level 4. HP: 17/21 MP: 9/9
  2830 | D:3      | Learned a level 3 spell: Confuse
  2924 | D:3      | Reached skill level 5 in Stealth
  3116 | D:3      | Killed an ice beast
  3116 | D:3      | Reached XP level 5. HP: 24/24 MP: 4/10
  3338 | D:4      | Noticed iroha's ghost (amateur OgHu)
  3466 | D:4      | Found a glowing silver altar of Zin.
  3466 | D:4      | Found a runed door.
  3466 | D:4      | Noticed an angel
  3782 | D:4      | Noticed Robin
  3807 | D:3      | Killed Robin
  4201 | D:4      | Noticed Natasha
  4205 | D:4      | Killed Natasha
  4227 | D:4      | Reached XP level 6. HP: 28/28 MP: 9/12
  4295 | D:5      | Entered Level 5 of the Dungeon
  4342 | D:5      | Reached skill level 6 in Stealth
  4364 | D:5      | Learned a level 3 spell: Tukima's Dance
  4440 | D:5      | Reached skill level 5 in Dodging
  4482 | D:5      | Noticed an ice beast
  4497 | D:5      | Killed an ice beast
  4497 | D:5      | Reached skill level 5 in Short Blades
  4497 | D:5      | Reached skill level 5 in Hexes
  4497 | D:5      | Reached XP level 7. HP: 22/32 MP: 3/14
  4606 | D:5      | Found a glowing golden altar of the Shining One.
  4852 | D:5      | Reached skill level 7 in Stealth
  5467 | D:6      | Found a staircase to the Ecumenical Temple.
  5483 | Temple   | Entered the Ecumenical Temple
  5577 | Temple   | Became a worshipper of Gozag Ym Sagoz the Greedy
  5707 | D:6      | Noticed a two-headed ogre
  5823 | D:6      | Found Zin's Purification Station.
  5825 | D:6      | Found a glowing silver altar of Zin.
  6028 | D:6      | Reached skill level 5 in Spellcasting
  6028 | D:6      | Reached XP level 8. HP: 29/36 MP: 3/16
  6417 | D:6      | Noticed Edmund
  6436 | D:6      | Killed Edmund
  6436 | D:6      | Reached skill level 8 in Stealth
  6602 | D:6      | Killed a two-headed ogre
  6943 | D:7      | Found a sand-covered staircase.
  6948 | Ossuary  | Entered an ossuary
  6999 | Ossuary  | Reached XP level 9. HP: 20/39 MP: 4/19
  7230 | Ossuary  | Reached skill level 9 in Stealth
  7400 | D:7      | Noticed Dowan
  7403 | D:7      | Noticed Duvessa
  7852 | D:7      | Killed Duvessa
  7977 | D:7      | Killed Dowan
  8951 | D:7      | Got a slimy long sword
  9315 | D:8      | Found a blossoming altar of Fedhas.
  9543 | D:8      | Noticed Maurice
  9557 | D:8      | Killed Maurice
  9557 | D:8      | Reached skill level 10 in Stealth
  9887 | D:9      | Found a snail-covered altar of Cheibriados.
  9949 | D:9      | Found a staircase to the Lair.
 10180 | D:9      | Found a stormy altar of Qazlal.
 10824 | D:9      | Learned a level 2 spell: Repel Missiles
 10827 | D:9      | Learned a level 2 spell: Blink
 10842 | Lair:1   | Entered Level 1 of the Lair of Beasts
 10916 | Lair:1   | Noticed Gastronok
 10954 | Lair:1   | Reached XP level 10. HP: 37/44 MP: 4/22
 11447 | Lair:1   | Reached skill level 10 in Short Blades
 11900 | Lair:1   | Noticed a spiny frog
 12095 | Lair:1   | Noticed a spiny frog
 12210 | Lair:1   | Killed a spiny frog
 12210 | Lair:1   | Reached skill level 11 in Stealth
 12722 | Lair:2   | Noticed a spiny frog
 12728 | Lair:2   | Killed a spiny frog
 13044 | Lair:2   | Noticed a black mamba
 13060 | Lair:2   | Killed a black mamba
 13060 | Lair:2   | Reached skill level 1 in Fighting
 13060 | Lair:2   | Reached skill level 10 in Dodging
 13205 | Lair:2   | Reached XP level 11. HP: 49/49 MP: 4/24
 13390 | Lair:2   | Found a staircase to the Shoals.
 13826 | Lair:2   | Noticed a six-headed hydra
 13946 | Lair:2   | Killed a six-headed hydra
 13977 | Lair:3   | Got a translucent granite ring
 13978 | Lair:3   | Identified the ring "Sylohofu" {MR+ EV+5 Int+3 SInv} (You found it on level 3 of the Lair of Beasts)
 14062 | Lair:3   | Found a labyrinth entrance.
 14077 | Lab      | Entered a labyrinth
 14098 | Lab      | Reached skill level 12 in Stealth
 14517 | Lab      | Got a smoking ivory amulet
 14793 | Lab      | Noticed a minotaur
 14827 | Lab      | Mangled by a minotaur

Vault maps used:
D:1:      lightli_arrival_chessboard, minmay_pentomino_v4
D:2:      nicolae_qazlal_general_emergency
D:4:      first_bread, lemuel_angel_altar, uniq_natasha, uniq_robin
D:5:      nicolae_tso_besieged_by_evil
D:6:      zin_purify, uniq_edmund
D:7:      enter_ossuary_2, uniq_duvessa
D:8:      lemuel_crystal_altar, uniq_maurice
D:9:      slow_altar_2, lair_entry_dummy, basic_altar
Temple:   minmay_crystal_spiral_temple
Lair:1:   hibernation_bobbens, uniq_gastronok
Lair:2:   minmay_shoals_entry_lonely_mermaid, wad_woods_06, grunt_megastairs_3,
          infiniplex_staircase_pool
Lair:3:   lab_entry_generic, minmay_lair_oklob_chamber
Lab:      labyrinth_spiral, nicolae_lab_grate, nicolae_lab_very_dead_end,
          labyrinth_skeletal_remains, nicolae_lab_garden, nicolae_lab_diamond,
          nicolae_lab_checkerboard, labyrinth_fake_exit, nicolae_lab_lava
Ossuary:  ossuary_minmay_four_chambers

Skill      XL: |  1  2  3  4  5  6  7  8  9 10 11 |
---------------+----------------------------------+-----
Short Blades   | 2 3 4 5 6 7 9 11 | 11.3
Hexes          | 4 5 6 7 8 9 |  9.2
Stealth        | 5 6 7 8 10 11 12 | 12.1
Dodging        | 4 5 7 8 10 | 10.7
Spellcasting   | 3 4 5 6 7 8 |  8.4
Fighting       | 1 3 |  3.6

Action                   |  1- 3 |  4- 6 |  7- 9 | 10-12 || total
-------------------------+-------+-------+-------+-------++-------
Melee: Dagger            |   222 |    78 |   249 |       ||   549
       Rapier            |       |       |   117 |   260 ||   377
 Fire: Hunting sling     |     4 |       |       |       ||     4
       Shortbow          |       |       |     3 |       ||     3
 Cast: Ensorcelled Hiber |    29 |    10 |    49 |    15 ||   103
       Confuse           |       |     9 |    45 |    52 ||   106
       Tukima's Dance    |       |       |    32 |     2 ||    34
       Repel Missiles    |       |       |     1 |       ||     1
Evoke: Wand              |       |       |     2 |       ||     2
  Use: Scroll            |       |     5 |    21 |     2 ||    28
       Potion            |       |       |     1 |       ||     1
 Stab: Sleeping          |    20 |    11 |    21 |    10 ||    62
       Confused          |       |     6 |    29 |    32 ||    67
       Distracted        |       |     2 |     3 |       ||     5
  Eat: Bread ration      |     1 |       |     1 |     1 ||     3
       Fruit             |       |       |     3 |       ||     3
Armor: Robe              |    34 |     5 |    12 |     7 ||    58
Dodge: Dodged            |   174 |    24 |   162 |    41 ||   401
       Deflected         |       |       |       |     1 ||     1
